 Dungeon Crawl Stone Soup version 0.20.1-1-g8b1a95d (webtiles) character file.

108 gobwax the Conjurer (level 4, -7/24 HPs)
             Began as a Deep Elf Conjurer on Sept 9, 2017.
             Mangled by Terence
             ... wielding a +2 morningstar of protection
              (11 damage)
             ... on level 3 of the Dungeon.
             The game lasted 00:05:36 (1914 turns).

gobwax the Conjurer (Deep Elf Conjurer)             Turns: 1914, Time: 00:05:37

Health: -7/24      AC:  2    Str:  5    XL:     4   Next: 58%
Magic:  0/11       EV: 13    Int: 21    God:
Gold:   134        SH:  0    Dex: 15    Spells: 7/10 levels left

rFire    . . .     SeeInvis .   i - +0 dagger (flame)
rCold    + . .     Gourm    .   (no shield)
rNeg     . . .     Faith    .   l - +0 robe {rC+}
rPois    .         Spirit   .   (no helmet)
rElec    .         Reflect  .   (no cloak)
rCorr    .         Harm     .   (no gloves)
MR       .....                  (no boots)
Stlth    ++........             d - amulet of magic regeneration
Regen    0.1/turn               (no ring)
MPRegen  0.2/turn               (no ring)

@: no status effects
A: no striking features
a: no special abilities


You were on level 3 of the Dungeon.
You were not hungry.

You visited 1 branch of the dungeon, and saw 3 of its levels.

You collected 134 gold pieces.

Inventory:

Hand Weapons
 i - a +0 dagger of flaming (weapon)
Armour
 a - a +0 robe
 l - a +0 robe of cold resistance (worn)
Jewellery
 d - an amulet of magic regeneration (around neck)
Scrolls
 k - a scroll of noise {unknown}
 o - a scroll of remove curse {unknown}
Potions
 e - a potion of invisibility {unknown}
 h - 3 potions of flight {unknown}
 j - a potion of resistance {unknown}
 n - a potion of brilliance {unknown}
Books
 b - a book of Conjurations

   Spells                             Type                      Level
   a - Magic Dart                     Conjuration                  1
   b - Searing Ray                    Conjuration                  2
   c - Dazzling Spray                 Conjuration/Hexes            3
   d - Fulminant Prism                Conjuration/Hexes            4
   e - Force Lance                    Conjuration/Translocation    4
   f - Iskenderun's Mystic Blast      Conjuration                  4
Comestibles
 c - 2 bread rations
 f - a royal jelly
 g - a meat ration
 m - a chunk of flesh


   Skills:
 - Level 2.4 Dodging
 - Level 2.4 Stealth
 + Level 3.8 Spellcasting
 * Level 6.3 Conjurations


You had 7 spell levels left.
You knew the following spells:

 Your Spells              Type           Power        Failure   Level  Hunger
a - Magic Dart            Conj           ####         1%          1    None
b - Searing Ray           Conj           ####..       1%          2    #......


Dungeon Overview and Level Annotations

Branches:
Dungeon (3/15)

Altars:

Annotations:
D:3 Terence


Message History

Confirm with . or Enter, or press ? or * to list all spells.
Aiming: Magic Dart
Press: ? - help, Shift-Dir - straight line, f/p - Terence
Aim: Terence, wielding a morningstar of protection and wearing a chain mail (severely wounded)
The magic dart hits Terence.
Terence is almost dead.
You hit Terence but do no damage.
Terence is almost dead.
Terence hits you with a morningstar of protection!
Ouch! That really hurt!
* * * LOW HITPOINT WARNING * * *
Casting: Magic Dart
Confirm with . or Enter, or press ? or * to list all spells.
Aiming: Magic Dart
Press: ? - help, Shift-Dir - straight line, f/p - Terence
Aim: Terence, wielding a morningstar of protection and wearing a chain mail (almost dead)
The magic dart hits Terence.
Terence is almost dead.
Terence hits you with a morningstar of protection!
You die...

... #.# #.# #.#
###.##### #
.......
....####†#.#
#....@@...#
#..####.#.####
#.#....#
##..####.#....#
..............#
..............#
.#..######....#
#. #....#
#....#


You could see Terence.

Vanquished Creatures
  Jessica (D:2)
  An adder (D:2)
  An ooze (D:1)
  2 worms (D:2)
  A dart slug (D:2)
  2 leopard geckos (D:1)
  8 giant cockroaches
  8 hobgoblins
  6 jackals
  3 quokkas (D:2)
  A ball python (D:1)
  5 bats
  4 frilled lizards
  2 goblins
  4 kobolds
  8 rats
57 creatures vanquished.

Notes
Turn   | Place    | Note
-------+----------+-------------------------------------------
     0 | D:1      | gobwax the Deep Elf Conjurer began the quest for the Orb.
     0 | D:1      | Reached XP level 1. HP: 10/10 MP: 6/6
   150 | D:1      | Reached XP level 2. HP: 15/15 MP: 1/8
   196 | D:1      | Learned a level 2 spell: Searing Ray
   199 | D:1      | Reached skill level 5 in Conjurations
   630 | D:1      | Reached XP level 3. HP: 13/19 MP: 4/9
  1365 | D:2      | Noticed Jessica
  1381 | D:2      | Killed Jessica
  1381 | D:2      | Reached skill level 6 in Conjurations
  1381 | D:2      | Reached XP level 4. HP: 24/24 MP: 2/11
  1884 | D:3      | Noticed Terence
  1914 | D:3      | Mangled by Terence

Skill      XL: |  1  2  3 |
---------------+----------+-----
Conjurations   | 5 6 |  6.3
Dodging        | |  2.4
Stealth        | |  2.4
Spellcasting   | |  3.8

Action                   |  1- 3 |  4- 6 || total
-------------------------+-------+-------++-------
Melee: Dagger            |       |     1 ||     1
 Cast: Magic Dart        |    89 |    30 ||   119
       Searing Ray       |     2 |     5 ||     7
  Eat: Chunk             |     1 |     2 ||     3
Armor: Robe              |     6 |       ||     6
Dodge: Dodged            |    11 |     3 ||    14
